 Dungeon Crawl Stone Soup version 0.28-a0-773-g130ae17fe5 (webtiles) character file.

Game seed: 17471331898871943987

1320 avis the Fighter (level 8, -2/99 HPs)
             Began as a Djinni Warper on Oct 31, 2021.
             Was an Initiate of Cheibriados.
             Slain by Menkaure (10 damage)
             ... on level 6 of the Dungeon on Nov 2, 2021.
             The game lasted 00:42:16 (6814 turns).

avis the Fighter (Djinni Warper)                    Turns: 6814, Time: 00:42:17

Health: -2/99      AC: 24    Str: 11    XL:     8   Next: 90%
Gold:   326        EV:  2    Int: 17    God:    Cheibriados [......] SH:  0 Dex: 15

rFire   . . .      SeeInvis .   a - +1 trident (flame)
rCold   . . .      Faith    .   (no shield)
rNeg    . . .      Spirit   .   (armour currently unavailable)
rPois   ∞          Reflect  .   (helmet currently unavailable)
rElec   .          Harm     .   (cloak currently unavailable)
rCorr   .          Rampage  .   (gloves currently unavailable)
Will    .....      NoTele   +   (boots unavailable)
Stlth   +.........              (no amulet)
HPRegen 0.26/turn               (no ring)
MPRegen 0.00/turn               (no ring)

@: confused, tree-form, ambrosia-drunk, on blink cooldown, very slow
A: stationary, stasis, torment immunity, boosted hp, sickness immunity, (fire
resistance 2), (cold vulnerability 1), float, innate caster, hp casting, extra
vitality 1
a: Renounce Religion, Bend Time


You were on level 6 of the Dungeon.
You worshipped Cheibriados.
Cheibriados was noncommittal.
You were a tree.
You visited 2 branches of the dungeon, and saw 8 of its levels.

You collected 326 gold pieces.

Inventory:

Hand Weapons
 a - a +1 trident of flaming (weapon)
Missiles
 c - 5 boomerangs of dispersal (quivered)
 g - 255 stones
 k - 12 poisoned darts
 o - 20 bolts
 w - 70 sling bullets
Armour
 d - a +0 leather armour (melded)
 f - a +0 helmet (melded)
 p - a +0 buckler
 s - a +2 cloak (melded)
Jewellery
 j - a +6 ring of strength
Wands
 i - a wand of iceblast (7)
Scrolls
 b - a scroll of blinking
 e - a scroll of fear {unknown}
 l - a scroll of fog
 n - a scroll of vulnerability {unknown}
 y - a scroll of noise {unknown}
 z - a scroll of amnesia {unknown}
 A - a scroll of magic mapping {unknown}
Potions
 h - a potion of curing
 m - 2 potions of lignification


   Skills:
 * Level 8.5 Fighting
 - Level 0.9 Throwing
 - Level 1.1 Armour
 - Level 2.3 Dodging
 - Level 2.1 Unarmed Combat
 - Level 5.0 Spellcasting


You couldn't memorise any spells.
You knew the following spells:

 Your Spells              Type           Power      Damage    Failure   Level
a - Shock                 Conj/Air       84%        1d8       1%          1
b - Blink                 Tloc           42%        N/A       2%          2
d - Dazzling Flash        Conj/Hex       42%        N/A       5%          3
e - Ensorcelled Hibernat  Hex/Ice        42%        N/A       2%          2
g - Gell's Gravitas       Tloc           21%        N/A       5%          3
k - Lesser Beckoning      Tloc           21%        N/A       5%          3
o - Teleport Other        Tloc           21%        N/A       5%          3
M - Manifold Assault      Tloc           21%        N/A       45%         5
Your spell library was empty.

Dungeon Overview and Level Annotations

Branches:
Dungeon (7/15)             Temple (1/1) D:5

Altars:
Ashenzari
Cheibriados
Dithmenos
Elyvilon
Fedhas
Gozag
Kikubaaqudgha
Makhleb
Nemelex Xobeh
Okawaru
Qazlal
Ru
Sif Muna
Uskayaw
Wu Jian
Xom
Yredelemnul
Zin

Shops:
D:5 ([(

Annotations:
D:2 1 runed translucent door, exclusion: door, Crazy Yiuf
D:6 Menkaure


Innate Abilities, Weirdness & Mutations

You are a tree.
Your roots penetrate the ground, keeping you stationary.
You cannot be teleported.
You are immune to unholy pain and torment.
Your maximum health is greatly increased.
Your equipment is partially melded.
You are immune to sickness and miasma.
You are immune to poison.
((Your flesh is very heat resistant. (rF++)))
((You are vulnerable to cold. (rC-)))
You float through the air rather than walking.
You learn spells naturally, not from books.
Your magical power is your life essence.
You have superior vitality. (+4 HP)


Message History

Menkaure calls on the powers of darkness!
The orc priest convulses!
Your body is wracked with pain!
* * * LOW HITPOINT WARNING * * *
There is an open door here.
The orc hits you but does no damage.
Menkaure calls on the powers of darkness!
The orc priest convulses!
Your body is wracked with pain!
* * * LOW HITPOINT WARNING * * *
Menkaure wails, "Why can't you leave me to my rest?"
There is an open door here.
Okay, then.
Okay, then.
The orc misses you.
There is an open door here.
Menkaure calls on the powers of darkness!
The orc priest convulses!
Your body is wracked with pain!
* * * LOW HITPOINT WARNING * * *
The orc hits you with a +0 club.
* * * LOW HITPOINT WARNING * * *
Okay, then.
Aiming: Iceblast
Press: ? - help, Shift-Dir - straight line The mass of ice explodes!
The iceblast engulfs the orc!
You kill the orc!
Cheibriados appreciates the change of pace.
Casting: Ensorcelled Hibernation (safe; 3% risk of failure)
Confirm with . or Enter, or press ? or * to list all spells.
You blink.
* * * LOW HITPOINT WARNING * * *
Really quaff the potion of lignification?
You turn into a tree.
Your +2 cloak melds into your body.
Your +0 helmet melds into your body.
Your +0 leather armour melds into your body.
Your roots penetrate the ground.
You are confused.
You feel invigorated. Menkaure hits you!
* * * LOW HITPOINT WARNING * * *
You cannot move. (Use ctrl+direction or * direction to attack without moving.)
You barely miss Menkaure. Menkaure hits you!
You die...

#.........# #.......<...
#.........# #.#.#.#.#.#.
#.........# #...........
#.........#########.#.#.#.#.#.
#.........'...................
#.........##)...###.#.#.#.#.#.
######'#####.o..'.'...........
#.# #.M..###).......... #M#
#.♣..# #........... #######'###
##'### #........... ..........#
#.# #........... ..........#
#.# #........... ..........#
#.# #.........## ..........#
#.# ############
..........####.###..........#..
.######>.....^..............'..
######'#.###..........#.#


You could see Menkaure (fast) and an orc priest.

Vanquished Creatures
  Sigmund (D:2)
  An ice beast (D:6)
  A black bear (D:5)
  A necrophage (D:6)
  3 ogres
  A phantom (D:4)
  2 scorpions
  A water moccasin skeleton (D:6)
  3 hounds (D:5)
  3 iguanas
  An orc wizard (D:7)
  2 hound skeletons
  6 adders
  5 gnolls
  2 ufetubi
  4 dart slugs
  A worm (D:2)
  3 orcs
  11 endoplasms
  A giant cockroach (D:2)
  9 goblins
  4 hobgoblins
  7 jackals
  3 kobolds
  2 quokkas
  7 ball pythons
  3 bats
  3 frilled lizards
  3 rats
94 creatures vanquished.

Notes
Turn   | Place    | Note
-------+----------+-------------------------------------------
     0 | D:1      | avis the Djinni Warper began the quest for the Orb.
     0 | D:1      | Reached XP level 1. HP: 18/18 MP: 0/0
   221 | D:1      | Reached XP level 2. HP: 23/23 MP: 0/0
   346 | D:1      | Found a faded altar of an unknown god.
   664 | D:2      | Noticed Sigmund
   978 | D:3      | Reached skill level 3 in Fighting
   978 | D:3      | Reached XP level 3. HP: 21/30 MP: 0/0
   978 | D:3      | Learned a level 1 spell: Shock
  1461 | D:3      | Reached XP level 4. HP: 36/36 MP: 0/0
  1679 | D:4      | Reached skill level 4 in Fighting
  1772 | D:4      | Noticed a phantom
  1838 | D:4      | Found a basalt altar of Yredelemnul.
  1929 | D:4      | Reached XP level 5. HP: 41/41 MP: 0/0
  1929 | D:4      | Learned a level 2 spell: Ensorcelled Hibernation
  2145 | D:4      | Killed a phantom
  2146 | D:4      | Reached skill level 5 in Fighting
  2146 | D:4      | Reached XP level 6. HP: 21/49 MP: 0/0
  3364 | D:2      | Killed Sigmund
  3365 | D:2      | Reached skill level 6 in Fighting
  3365 | D:2      | Reached XP level 7. HP: 30/56 MP: 0/0
  3365 | D:2      | Learned a level 3 spell: Dazzling Flash
  3520 | D:2      | Found a runed translucent door.
  3521 | D:2      | Noticed Crazy Yiuf
  3964 | D:5      | Entered Level 5 of the Dungeon
  4084 | D:5      | Found Aggav Jorr's Weapon Boutique.
  4159 | D:5      | Found Tyvechis's Armour Shoppe.
  4238 | D:5      | Found an opulent altar of Gozag.
  4329 | D:5      | Found a staircase to the Ecumenical Temple.
  4338 | Temple   | Entered the Ecumenical Temple
  4496 | Temple   | Became a worshipper of Cheibriados the Contemplative
  4664 | D:5      | Found Konlepas's Antique Weapon Emporium.
  5263 | D:5      | Reached skill level 7 in Fighting
  5358 | D:5      | Reached XP level 8. HP: 15/64 MP: 0/0
  5684 | D:6      | Reached skill level 8 in Fighting
  6174 | D:6      | Reached skill level 5 in Spellcasting
  6292 | D:6      | Noticed a two-headed ogre
  6574 | D:5      | Upgraded the game from 0.28-a0-769-g550dbda0cd to
                  | 0.28-a0-773-g130ae17fe5
  6737 | D:6      | Noticed Menkaure
  6789 | D:7      | Noticed a shadow
  6813 | D:6      | HP: 3/99 [Menkaure (8)]
  6814 | D:6      | Slain by Menkaure

Illustrated notes

Levels and vault maps discovered:
D:1:      dpeg_arrival_rhombus, layout_loops_ring, basic_ecumenical_altar
D:2:      layout_basic, minmay_between, uniq_crazy_yiuf_cottage, uniq_sigmund
D:3:      layout_basic
D:4:      layout_gridville, lemuel_round_altar
D:5:      layout_basic, mainiacjoe_overflow_cross_hatched,
          minmay_temple_entry_stoned_glass, serial_shops,
          nicolae_lakefront_shop, shop, shop, minmay_crystal_room
D:6:      layout_basic, st_stairs_11, uniq_menkaure
D:7:      layout_cave_pools, mainiacjoe_overflow_six_doors_small,
          serial_co_window_serial, co_window_paths_a, co_window_corner_a,
          co_window_paths_a, co_window_corner_a, co_window_paths_a,
          co_window_paths_a, co_window_paths_a, co_window_paths_a,
          co_window_paths_a, co_window_broadway_c, co_window_corner_ca,
          co_window_broadway_b, co_window_broadway_c, co_window_unsneaky_path_b,
          co_window_cross_2
Temple:   eino_temple_scatter_basement

Skill      XL: |  1  2  3  4  5  6  7  8 |
---------------+-------------------------+-----
Fighting       | 3 4 5 6 7 8 |  8.5
Spellcasting   | 3 4 5 |  5.0
Throwing       | |  0.9
Armour         | |  1.1
Dodging        | |  2.3
Unarmed Combat | |  2.1

Action                   |  1- 3 |  4- 6 |  7- 9 || total
-------------------------+-------+-------+-------++-------
Melee: Trident           |    68 |    78 |    70 ||   216
 Cast: Blink             |     1 |       |     4 ||     5
       Shock             |    10 |    36 |    49 ||    95
       Ensorcelled Hiber |       |     7 |     8 ||    15
       Dazzling Flash    |       |       |     3 ||     3
       Gell's Gravitas   |       |       |     1 ||     1
Evoke: Wand              |       |       |     2 ||     2
  Use: Scroll            |       |       |     9 ||     9
       Potion            |       |       |     2 ||     2
 Stab: Sleeping          |       |     8 |     6 ||    14
Armor: Leather armour    |    18 |    18 |    39 ||    75
Dodge: Dodged            |    30 |    42 |    61 ||   133

Table legend: (Time is in decaauts)
 A = Elapsed time spent in this place.
 B = Non-inter-level travel time spent in this place.
 C = Inter-level travel time spent in this place.
 D = Time resting spent in this place.
 E = Time spent auto-exploring this place.
 F = Levels seen in this place.
 G = Mean time per level.
                   A        B        C        D        E       F      G
               +--------+--------+--------+--------+--------+-----+--------+
         Total |   7214 |   6461 |    753 |   2257 |   2882 |   8 |  901.8 |
       Dungeon |   7020 |   6291 |    729 |   2257 |   2752 |   7 | 1002.9 |
        Temple |    193 |    170 |     23 |      0 |    130 |   1 |  193.0 |
               +--------+--------+--------+--------+--------+-----+--------+

Top non-repeatable levels by time:
     D:5: 1857 daAuts
     D:2: 1341 daAuts
     D:4: 1089 daAuts
     D:6: 980 daAuts
     D:3: 892 daAuts
     D:1: 810 daAuts
  Temple: 193 daAuts
     D:7: 50 daAuts
